 Dungeon Crawl Stone Soup version 0.20.1-1-g8b1a95d (webtiles) character file.

3912 digijack the Cleaver (level 10, -1/77 HPs)
             Began as a Minotaur Wanderer on Jan 2, 2018.
             Was a High Priest of Zin.
             Slain by a killer bee (7 damage)
             ... on level 9 of the Dungeon.
             The game lasted 00:44:51 (8450 turns).

digijack the Cleaver (Minotaur Wanderer)            Turns: 8450, Time: 00:44:52

Health: -1/77      AC: 10    Str: 25 (28) XL:     10   Next: 1%
Magic:  12/12      EV: 13    Int:  7 (8)  God:    Zin [*****.]
Gold:   442        SH:  6    Dex:  8 (10) Spells: 11/11 levels left

rFire    . . .     SeeInvis .   a - +2 hand axe
rCold    . . .     Gourm    .   c - +1 buckler
rNeg     . . .     Faith    +   b - +0 ring mail
rPois    .         Spirit   .   (helmet restricted)
rElec    .         Reflect  .   m - +0 cloak
rCorr    .         Harm     .   q - +0 pair of gloves
MR       .....                  o - +0 pair of boots
Stlth    ..........             k - amulet of faith
Regen    0.3/turn               e - +3 ring of strength
MPRegen  0.2/turn               h - ring of loudness (curse)

@: lethally poisoned (-1 -> -4)
A: retaliatory headbutt, horns 2, frail 1, strong 2
a: Recite, Vitalisation, Imprison, Sanctuary, Donate Gold, Renounce Religion


You were on level 9 of the Dungeon.
You worshipped Zin.
Zin was extremely pleased with you.
You were not hungry.

You visited 1 branch of the dungeon, and saw 9 of its levels.

You collected 491 gold pieces.
You donated 49 gold pieces to Zin.

Inventory:

Hand Weapons
 a - a +2 hand axe (weapon)
Armour
 b - a +0 ring mail (worn)
 c - a +1 buckler (worn)
 m - a +0 cloak (worn)
 o - a +0 pair of boots (worn)
 q - a +0 pair of gloves (worn)
 v - a +2 large shield
Jewellery
 e - a +3 ring of strength (left hand)
 h - a cursed ring of loudness (right hand)
 k - an amulet of faith (around neck)
 s - a +3 ring of strength
Scrolls
 n - 5 scrolls of identify
 t - 2 scrolls of magic mapping
 y - a scroll of fog
Potions
 g - 3 potions of curing
 l - 2 potions of ambrosia
 r - 2 potions of cancellation
 w - a potion of haste
Comestibles
 d - 7 bread rations
 i - 5 meat rations
 j - 3 royal jellies
 p - 4 fruits


   Skills:
 + Level 7.1 Fighting
 + Level 8.2 Axes
 - Level 1.0 Throwing
 + Level 7.5 Armour
 + Level 6.5 Dodging
 + Level 6.8 Shields
 - Level 1.3 Spellcasting
   Level 1.0 Transmutations
 + Level 4.9 Invocations


You had 11 spell levels left.
You didn't know any spells.

Dungeon Overview and Level Annotations

Branches:
Dungeon (9/15)             Temple (0/1) D:5             Orc (0/2) D:9
   Lair: D:8-11

Altars:
Ashenzari
Cheibriados
Elyvilon
Kikubaaqudgha
Qazlal
Trog
Uskayaw
Vehumet
Xom
Yredelemnul
Zin

Shops:
D:4 [*%}   D:7 (

Annotations:
D:9 Erolcha


Innate Abilities, Weirdness & Mutations

You reflexively headbutt those who attack you in melee.
You have a pair of horns on your head.
You are frail. (-10% HP)
Your muscles are very strong. (Str +4)


Message History

The killer bee stings you.
* * * LOW HITPOINT WARNING * * *
You block the killer bee's attack. The killer bee stings you.
* * * LOW HITPOINT WARNING * * *
You are poisoned.
The killer bee poisons you! You block the killer bee's attack.
Found two stone staircases leading down.
A killer bee comes into view.
You feel sick.
The killer bee barely misses you. x2; You furiously retaliate!
You headbutt the killer bee. You block the killer bee's attack. x2
The killer bee closely misses you.
The killer bee stings you but does no damage.
You feel sick. The killer bee closely misses you. The killer bee stings you.
* * * LOW HITPOINT WARNING * * *
The killer bee completely misses you. x2; You furiously retaliate!
You headbutt the killer bee, but do no damage.
Found a robe.
There is a stone staircase leading down here.
You feel sick. The killer bee stings you!
You die...

#### #### #...
#.. #... #.#
####...##.#####
#.........#...##
........yy.....#
#......yy@.....#
........y......#
..#....#........[
. #....##.##.####
.....# #.# ...
.....> #.# ### .
#..... #.# ..# .


You could see 5 killer bees.

Vanquished Creatures
  2 hippogriffs
  A wraith (D:7)
  Duvessa (D:7)
  A water moccasin (D:7)
  An ice beast (D:5)
  A necrophage (D:8)
  2 phantoms (D:5)
  A sky beast (D:5)
  2 black bears (D:6)
  5 ogres
  A centaur (D:5)
  A big kobold (D:7)
  Blork the orc (D:6)
  2 bullfrogs
  Dowan (D:7)
  2 scorpions
  6 wights (D:7)
  2 crimson imps
  2 hounds
  5 human zombies (D:7)
  2 orc wizards
  3 orc priests
  3 jellies
  2 human skeletons (D:7)
  4 iguanas
  6 worker ants
  A hound zombie (D:6)
  A mummy (D:7)
  8 adders
  4 gnolls (D:8)
  A shadow imp (D:7)
  An adder skeleton (D:4)
  4 worms
  3 dart slugs
  3 leopard geckos
  25 orcs
  6 giant cockroaches
  10 goblins
  5 hobgoblins
  6 jackals
  15 kobolds
  4 quokkas
  2 ball pythons (D:2)
  5 bats
  6 frilled lizards
  A jackal skeleton (D:5)
  An orc skeleton (D:7)
  A quokka skeleton (D:8)
  11 rats
184 creatures vanquished.

Vanquished Creatures (collateral kills)
  A death yak (D:9)
1 creature vanquished.

Grand Total: 185 creatures vanquished

Notes
Turn   | Place    | Note
-------+----------+-------------------------------------------
     0 | D:1      | digijack the Minotaur Wanderer began the quest for the Orb.
     0 | D:1      | digijack set off with: a +2 hand axe, a +0 ring mail, a +0 buckler, a bread ration
     0 | D:1      | Reached XP level 1. HP: 16/16 MP: 1/1
    15 | D:1      | Gained mutation: You are frail. (-10% HP) [potion of mutation]
    15 | D:1      | Gained mutation: Your muscles are strong. (Str +2) [potion of mutation]
    15 | D:1      | Gained mutation: Your muscles are very strong. (Str +4) [potion of mutation]
   111 | D:1      | Reached XP level 2. HP: 20/20 MP: 3/3
   426 | D:1      | Reached skill level 1 in Dodging
   503 | D:1      | Reached XP level 3. HP: 22/26 MP: 4/4
  1353 | D:2      | Found a shimmering altar of Xom.
  1386 | D:2      | Reached skill level 4 in Axes
  1391 | D:2      | Noticed an angel
  1393 | D:2      | Found a glowing silver altar of Zin.
  1410 | D:2      | Became a worshipper of Zin the Law-Giver
  1410 | D:2      | Reached * piety under Zin
  1509 | D:2      | Reached XP level 4. HP: 32/32 MP: 5/5
  1835 | D:3      | Reached XP level 5. HP: 39/39 MP: 6/6
  2612 | D:3      | Reached ** piety under Zin
  3002 | D:4      | Found Uteowny's Antique Armour Shop.
  3033 | D:4      | Noticed an ogre
  3585 | D:4      | Found Ixkihote's Assorted Antiques.
  3601 | D:4      | Found Nang's Gadget Shoppe.
  3634 | D:4      | Found Nuixtuff's Food Shoppe.
  3692 | D:4      | Reached XP level 6. HP: 44/45 MP: 7/7
  3974 | D:4      | Reached skill level 5 in Axes
  4446 | D:5      | Entered Level 5 of the Dungeon
  4532 | D:5      | Reached XP level 7. HP: 46/52 MP: 8/8
  4610 | D:5      | Found a staircase to the Ecumenical Temple.
  4754 | D:5      | Reached skill level 5 in Armour
  4771 | D:5      | Noticed a hippogriff
  5183 | D:5      | Reached skill level 6 in Axes
  5183 | D:5      | Reached XP level 8. HP: 54/60 MP: 9/9
  5204 | D:5      | Reached skill level 5 in Shields
  5278 | D:5      | Reached *** piety under Zin
  5474 | D:5      | Killed a hippogriff
  5474 | D:5      | Reached skill level 5 in Fighting
  5474 | D:5      | Reached skill level 1 in Invocations
  5593 | D:6      | Found a bloodstained altar of Trog.
  5697 | D:6      | Noticed Blork the orc
  5701 | D:6      | Killed Blork the orc
  5701 | D:6      | Reached skill level 5 in Dodging
  5809 | D:6      | Found a snail-covered altar of Cheibriados.
  5810 | D:6      | Found a white marble altar of Elyvilon.
  5811 | D:6      | Found a radiant altar of Vehumet.
  5811 | D:6      | Found a hide-covered altar of Uskayaw.
  5811 | D:6      | Found a shattered altar of Ashenzari.
  5811 | D:6      | Found a stormy altar of Qazlal.
  5828 | D:6      | Reached **** piety under Zin
  6188 | D:7      | Found a basalt altar of Yredelemnul.
  6228 | D:7      | Reached XP level 9. HP: 43/67 MP: 10/10
  6351 | D:7      | Reached skill level 7 in Axes
  6435 | D:7      | Reached ***** piety under Zin
  6709 | D:7      | Got a distressingly furry helmet
  7003 | D:7      | Noticed Duvessa
  7003 | D:7      | Noticed Dowan
  7016 | D:7      | Killed Duvessa
  7024 | D:7      | Killed Dowan
  7148 | D:7      | Found Piprour's Antique Weapon Shop.
  7958 | D:8      | Reached skill level 8 in Axes
  7959 | D:8      | Found an ancient bone altar of Kikubaaqudgha.
  8376 | D:9      | Found a staircase to the Orcish Mines.
  8409 | D:9      | Noticed a death yak
  8412 | D:9      | Noticed a death yak
  8413 | D:9      | Noticed a death yak
  8415 | D:9      | Noticed Erolcha
  8417 | D:9      | Noticed a death yak
  8424 | D:9      | Noticed a death yak
  8427 | D:9      | Killed a death yak
  8427 | D:9      | Reached XP level 10. HP: 42/77 MP: 12/12
  8450 | D:9      | Slain by a killer bee

Skill      XL: |  1  2  3  4  5  6  7  8  9 |
---------------+----------------------------+-----
Armour         | 2 3 4 5 6 7 |  7.5
Dodging        | 1 2 3 4 5 6 |  6.5
Fighting       | 2 3 4 5 7 |  7.1
Shields        | 2 3 4 5 6 |  6.8
Axes           | 4 5 6 8 |  8.2
Invocations    | 3 4 |  4.9
Throwing       | |  1.0
Spellcasting   | |  1.3
Transmutations | |  1.0

Action                   |  1- 3 |  4- 6 |  7- 9 | 10-12 || total
-------------------------+-------+-------+-------+-------++-------
Melee: Hand axe          |    92 |   107 |   362 |     2 ||   563
       Headbutt          |    12 |    27 |    76 |       ||   115
Invok: Recite            |       |       |     7 |       ||     7
  Use: Potion            |     3 |     3 |     7 |       ||    13
       Scroll            |     7 |     4 |     6 |     1 ||    18
 Stab: Confused          |       |       |     2 |       ||     2
       Invisible         |       |       |     2 |       ||     2
  Eat: Chunk             |     2 |     3 |     3 |       ||     8
       Bread ration      |       |     1 |     1 |       ||     2
       Fruit             |       |     2 |     1 |       ||     3
       Meat ration       |       |       |     1 |       ||     1
       Royal jelly       |       |       |     1 |       ||     1
Armor: Ring mail         |    33 |    20 |    97 |     1 ||   151
Dodge: Dodged            |    37 |    48 |   150 |     6 ||   241
Block: Buckler           |    10 |    10 |    62 |     4 ||    86
